AoeStats
← TheRatPatrol785

African Clearing

505152797Analyzed
4v4 RM · 25d ago on Sep 8, 2026· 61m 15s· 8 players
Game mode
Random Map
Map size
Large (8 player)
Population
200
Speed
Normal
Resources
Standard
Victory
Conquest
Starting age
Dark Age
Ending age
Imperial Age
RankedLock teamsTeams togetherTeam positionsShared explorationLock speedFull tech treeHidden civsTurbo modeCheats
Victory
Defeat
🇺🇸 Spanish · United States
1025
+14
🇺🇸 Huns · United States
1021
+14
🇺🇸 Bengalis · United States
1020
+14
🇺🇸 Franks · United States
1010
+15
🇺🇸 Cumans · United States
1039
-16
🇺🇸 Vietnamese · United States
979
-14
🇨🇱 Persians · Chile
973
-14
🇦🇺 Mongols · Australia
956
-13
drain man
12:34 Feudal Age
11:48 Loom
17:02 Forging
23:11 Castle Age
22:29 Double-Bit Axe
23:17 Light Cavalry
25:41 Iron Casting
25:39 Scale Barding Armor
27:37 Bloodlines
27:29 Husbandry
29:40 Fletching
30:56 Wheelbarrow
31:26 Padded Archer Armor
32:33 Town Watch
33:32 Bodkin Arrow
36:28 Leather Archer Armor
36:10 Horse Collar
38:18 Bow Saw
40:26 Chain Barding Armor
40:36 Heavy Plow
42:18 Thumb Ring
50:48 Imperial Age
48:35 Hand Cart
50:20 Town Patrol
52:34 Ballistics
53:16 Chemistry
53:13 Elite Mangudai
54:52 Bracer
55:16 Elite Mangudai
56:38 Heavy Camel Rider
58:54 Masonry
medina.nacho27
5:14 Loom
13:47 Feudal Age
17:56 Castle Age
15:57 Double-Bit Axe
31:01 Horse Collar
31:11 Loom
32:27 Pikeman
33:54 Husbandry
35:13 Wheelbarrow
36:11 Forging
36:41 Scale Barding Armor
36:54 Heavy Plow
37:46 Iron Casting
38:12 Bloodlines
38:55 Chain Barding Armor
39:46 Hand Cart
39:20 Town Watch
46:35 Imperial Age
46:18 Masonry
45:48 Light Cavalry
48:23 Blast Furnace
47:11 Heavy Camel Rider
48:11 Gold Mining
48:15 Stone Mining
48:30 Kamandaran
49:20 Conscription
50:02 Plate Barding Armor
50:24 Gold Shaft Mining
50:10 Crossbowman
52:57 Thumb Ring
53:18 Bow Saw
54:33 Hoardings
54:01 Fletching
54:11 Padded Archer Armor
55:19 Chemistry
MrDuffyMcDuff
3:57 Loom
15:12 Feudal Age
16:01 Double-Bit Axe
26:28 Castle Age
25:16 Horse Collar
25:29 Stone Mining
25:30 Gold Mining
25:43 Fletching
25:53 Padded Archer Armor
26:09 Bloodlines
27:39 Thumb Ring
27:51 Bow Saw
30:50 Wheelbarrow
30:35 Bodkin Arrow
31:24 Gold Shaft Mining
31:53 Hand Cart
36:45 Imperial Age
34:49 Ballistics
34:40 Masonry
37:24 Elite Skirmisher
38:30 Parthian Tactics
38:55 Leather Archer Armor
39:42 Chemistry
38:57 Imperial Skirmisher
42:48 Two-Man Saw
43:25 Cavalier
45:28 Scale Barding Armor
45:34 Forging
45:32 Paladin
47:44 Iron Casting
48:31 Conscription
Elispar
13:26 Loom
17:56 Feudal Age
19:17 Wheelbarrow
18:31 Double-Bit Axe
18:29 Horse Collar
22:04 Gold Mining
25:51 Castle Age
27:05 Bow Saw
27:01 Heavy Plow
27:50 Stone Mining
30:05 Hand Cart
31:04 Hand Cart
31:47 Hand Cart
33:05 Fletching
33:16 Padded Archer Armor
36:22 Bodkin Arrow
36:43 Leather Archer Armor
39:10 Ballistics
39:31 Stone Shaft Mining
46:05 Imperial Age
46:35 Murder Holes
48:24 Paper Money
49:32 Ring Archer Armor
49:02 Bracer
49:35 Ring Archer Armor
51:01 Elite Rattan Archer
53:00 Scale Barding Armor
53:05 Forging
55:07 Husbandry
55:17 Bloodlines
55:30 Chain Barding Armor
Showbiz8624
3:45 Loom
13:46 Feudal Age
15:22 Double-Bit Axe
20:44 Castle Age
19:05 Fletching
20:00 Scale Barding Armor
21:25 Bloodlines
24:25 Ballistics
26:58 Bodkin Arrow
28:11 Horse Collar
29:33 Chain Barding Armor
32:52 Wheelbarrow
35:29 Hand Cart
38:02 Town Watch
40:31 Husbandry
44:50 Murder Holes
50:49 Imperial Age
49:11 Fortified Wall
51:37 Bracer
52:23 Plate Barding Armor
52:30 Elite Elephant Archer
TheRatPatrol785
6:51 Loom
7:40 Loom
7:46 Loom
17:26 Feudal Age
18:04 Town Watch
18:55 Wheelbarrow
18:04 Horse Collar
19:08 Gold Mining
19:09 Double-Bit Axe
24:38 Castle Age
23:37 Stone Mining
24:58 Bloodlines
25:06 Scale Barding Armor
26:55 Heavy Plow
27:28 Town Patrol
27:44 Hand Cart
27:59 Marauders
35:17 Imperial Age
35:29 Elite Tarkan
36:30 Conscription
37:00 Gold Shaft Mining
38:12 Chain Barding Armor
38:04 Forging
37:45 Fletching
37:58 Husbandry
38:41 Bow Saw
39:51 Plate Barding Armor
41:09 Two-Man Saw
40:49 Iron Casting
40:10 Bodkin Arrow
41:51 Murder Holes
42:17 Ballistics
42:58 Chemistry
42:10 Masonry
45:45 Blast Furnace
56:48 Padded Archer Armor
56:49 Scale Mail Armor
56:53 Squires
56:39 Arson
56:15 Pikeman
56:15 Man-at-Arms
57:36 Coinage
57:11 Caravan
57:25 Guilds
57:43 Atheism
56:54 Sappers
61:33 Thumb Ring
60:49 Crossbowman
philber
7:19 Loom
15:54 Feudal Age
23:47 Castle Age
24:14 Elite Skirmisher
25:03 Husbandry
49:02 Imperial Age
47:09 Wheelbarrow
50:28 Cavalier
51:51 Paladin
53:32 Gold Mining
55:13 Scale Barding Armor
55:18 Forging
57:36 Hand Cart
58:02 Chain Barding Armor
58:17 Iron Casting
62:30 Plate Barding Armor
stankms
9:27 Loom
12:13 Feudal Age
13:28 Double-Bit Axe
14:06 Town Watch
25:52 Castle Age
25:09 Bloodlines
25:00 Horse Collar
26:39 Forging
27:36 Bow Saw
26:53 Light Cavalry
27:57 Scale Barding Armor
30:53 Husbandry
32:18 Wheelbarrow
32:08 Fletching
33:18 Pikeman
44:07 Imperial Age
44:58 Padded Archer Armor
45:24 Heavy Plow
47:00 Chemistry
46:44 Conscription
48:02 Hand Cart
49:15 Leather Archer Armor
48:52 Elite Conquistador
51:42 Ring Archer Armor
55:45 Masonry
55:57 Ballistics
57:21 Architecture
56:47 Murder Holes
56:49 Bodkin Arrow
57:15 Chain Barding Armor
57:11 Gold Mining
57:12 Stone Mining
59:01 Supremacy
59:18 Hoardings
58:45 Bracer
59:21 Plate Barding Armor
Connection lost

Rejoining the realm…

Still unreachable

The connection could not be restored.

Session expired

The server has moved on; the page needs a fresh start.